 Dungeon Crawl Stone Soup version 0.25.1-8-g42b30a86e7 (webtiles) character file.

Game seed: 5574515194684806811

188673 Kives the Warrior (level 18, -3/176 HPs)
             Began as a Hill Orc Berserker on Dec 14, 2020.
             Was a High Priest of Trog.
             Killed by the raging water
             ... invoked by a water nymph
              (29 damage)
             ... on level 1 of the Shoals.
             The game lasted 07:27:23 (36871 turns).

Kives the Warrior (Hill Orc Berserker)             Turns: 36871, Time: 07:27:24

Health: -3/176     AC: 27    Str: 23    XL:     18   Next: 10%
Magic:  18/18      EV: 12    Int: 13    God:    Trog [*****.]
Gold:   3228       SH: 20    Dex: 15    Spells: 17/17 levels left

rFire    + + .     SeeInvis .   T - +1 broad axe (freeze)
rCold    . . .     Gourm    .   q - +2 kite shield
rNeg     . . .     Faith    +   K - +3 plate armour
rPois    +         Spirit   .   z - +1 hat {MR+}
rElec    .         Reflect  .   k - +2 cloak {rF+}
rCorr    .         Harm     .   E - +1 pair of gloves {archery}
MR       +++..                  G - +2 pair of boots {Fly}
Stlth    ..........             N - amulet of faith
HPRegen  0.39/turn              J - ring of protection from magic
MPRegen  0.16/turn              Q - ring "Paineduxeod" {Int+6 Slay+3}

@: about to teleport, studying Polearms, very slow
A: repulsion field 1, large bone plates 1, deformed body, fire resistance 1,
poison resistance, subdued magic 1
}: 1/15 runes: serpentine
a: Berserk, Trog's Hand, Brothers in Arms, Renounce Religion, Evoke Flight


You were on level 1 of the Shoals.
You worshipped Trog.
Trog was extremely pleased with you.
You were not hungry.

You visited 5 branches of the dungeon, and saw 25 of its levels.
You also visited: Sewer, Bailey, Ice Cave and Volcano.

You collected 4695 gold pieces.
You spent 1467 gold pieces at shops.

Inventory:

Hand Weapons
 w - the +10 lance "Wyrmbane" {slay drac, rPois rF+ rC+ AC+3}
   (You took it off Maggie on level 10 of the Dungeon)

   It affects your AC (+3).
   It protects you from fire.
   It protects you from cold.
   It protects you from poison.
 T - a +1 broad axe of freezing (weapon)
Missiles
 a - 5 curare-tipped darts
 e - 13 boomerangs of dispersal
 p - 30 boomerangs (quivered)
 v - 127 poisoned darts
 U - 7 javelins
Armour
 k - a +2 cloak of fire resistance (worn)
 q - a +2 kite shield (worn)
 z - a +1 hat of magic resistance (worn)
 E - a +1 pair of gloves of archery (worn)
 F - a scarf of harm
 G - a +2 pair of boots of flying (worn)
 K - a +3 plate armour (worn)
Jewellery
 J - a ring of protection from magic (left hand)
 N - an amulet of faith (around neck)
 Q - the ring "Paineduxeod" (right hand) {Int+6 Slay+3}
   (You acquired it in a bailey)

   [ring of intelligence]

   It affects your intelligence (+6).
   It affects your accuracy and damage with ranged weapons and melee attacks
   (+3).
Wands
 g - a wand of disintegration (5)
 l - a wand of flame (50)
 r - a wand of polymorph (5)
 u - a wand of acid (16)
 R - a wand of enslavement (10)
Scrolls
 h - 14 scrolls of teleportation
 n - 11 scrolls of remove curse
 s - 7 scrolls of identify
 A - 4 scrolls of blinking
 C - 2 scrolls of fog
Potions
 i - 5 potions of curing
 j - 6 potions of heal wounds
 S - a potion of might
Books
 x - a manual of Polearms
Miscellaneous
 o - a tin of tremorstones (3/3)
 t - a lightning rod (2/4)
 B - a box of beasts
Comestibles
 c - 42 rations


   Skills:
 + Level 19.5 Fighting
 - Level 17.2(19.3) Axes
 * Level 13.5(16.0) Polearms
 - Level 4.0 Throwing
 + Level 17.0 Armour
 - Level 5.0 Dodging
 - Level 15.0 Shields


You had 17 spell levels left.
You didn't know any spells.
Your spell library was empty.

Dungeon Overview and Level Annotations

Branches:
Dungeon (12/15)            Temple (0/1) D:4            Lair (6/6) D:9
 Shoals (1/4) Lair:2        Snake (4/4) Lair:4        Slime (0/5) Lair:5
    Orc (2/2) D:11            Elf (0/3) Orc:2         Sewer (visited)
 Bailey (visited)           IceCv (visited)         Volcano (visited)

Altars:
Ashenzari
Elyvilon
Gozag
Hepliaklqana
Makhleb
Okawaru
Qazlal
Ru
Sif Muna
Trog
Uskayaw
Wu Jian
Xom
Beogh

Shops:
D:5 *   D:6 *   D:7 [   D:8 (   D:9 :   Orc:2 ?:(*

Annotations:
Snake:1 3 runed translucent doors, kalodont's ghost, journeyman KoEn
Snake:3 1 runed translucent door, Agget's ghost, adept FoWz


Innate Abilities, Weirdness & Mutations

You are surrounded by a mild repulsion field. (EV +2)
You are partially covered in large bone plates. (SH +4)
Armour fits poorly on your strangely shaped body.
Your flesh is heat resistant. (rF+)
Your system is resistant to poisons. (rPois)
Your spells are a little easier to cast, but a little less powerful.


Message History

You hear a shout! x2
You block the sea snake's attack.
The water nymph points at you and mumbles some strange words.
The water swirls and strikes you!! You block the merfolk's attack.
You block the snapping turtle's attack. The sea snake barely misses you.
The water nymph gestures at you while chanting.
The water swirls and strikes you!!
* * * LOW HITPOINT WARNING * * *
The snapping turtle barely misses you. The water nymph touches you.
The water nymph drowns you!
* * * LOW HITPOINT WARNING * * *
Things that are here:
a +0 rapier; a +0 robe; a merfolk corpse
Okay, then.
As you read the scroll of teleportation, it crumbles to dust.
You feel strangely unstable. You block the sea snake's attack.
You block the merfolk's attack. You block the snapping turtle's attack.
The water nymph casts a spell at you. The water swirls and strikes you!!
You die...

#≈≈≈≈≈≈...#..≈≈≈
≈≈≈≈≈≈≈mP....≈≈≈≈≈
≈≈≈≈≈≈≈≈≈§.#≈≈≈≈≈≈
≈≈≈≈≈≈≈≈≈P..≈≈≈≈≈≈
≈≈≈≈≈≈≈≈≈..#≈≈PP≈≈
...≈≈≈≈≈≈≈≈PP≈PP≈≈
#...≈≈≈≈†≈#P≈P≈≈≈≈
.....≈.mmm≈P≈P≈≈≈≈
..#...≈≈#@≈≈.≈≈≈≈≈
....#.#≈≈St≈..≈≈≈≈
........≈≈m...P≈≈≈
...........$...≈≈≈
≈≈.......P....≈P≈≈
≈..######...≈≈≈≈≈
.. #..≈≈≈≈≈≈ .
..≈≈≈≈≈≈≈ ≈≈≈≈≈≈≈


You could see a sea snake, 2 merfolk aquamancers, a snapping turtle, a merfolk
and 2 water nymphs.

Vanquished Creatures
  3 nagarajas (Snake:4)
  Aizul (Snake:3)
  A dire elephant (Lair:6)
  Josephine (D:10)
  2 blizzard demons (IceCv)
  2 hydras (Lair:6)
  Fannar (D:11)
  A merfolk avatar (Lair:6)
  16 naga warriors
  8 anacondas
  A merfolk aquamancer (Shoals:1)
  5 two-headed ogres
  Erica (D:10)
  10 death yaks
  6 shock serpents
  5 orc high priests
  Sonja (Lair:6)
  5 naga sharpshooters
  3 salamander mystics
  A fire crab (Volcano)
  A sea snake (Lair:6)
  4 unseen horrors
  10 naga ritualists
  2 iron trolls (D:11)
  A deep troll (D:11)
  2 lindwurms (Lair:4)
  Pikel (D:6)
  An oklob plant (Lair:2)
  9 orc knights
  An orc sorcerer (Orc:1)
  14 salamanders
  2 manticores (Lair:6)
  15 mana vipers
  2 cyclopes (D:12)
  43 black mambas
  Joseph (D:8)
  6 guardian serpents
  12 elephants
  7 naga magi
  Maggie (D:10)
  2 gargoyles
  A water nymph (Shoals:1)
  2 centaur skeletons (D:10)
  17 spiny frogs
  7 komodo dragons
  5 rime drakes
  5 ice devils (IceCv)
  3 anaconda simulacra (IceCv)
  A wind drake (Lair:6)
  7 polar bears
  A golden dragon simulacrum (IceCv)
  11 trolls
  A snapping turtle (Lair:2)
  A hornet (Lair:4)
  27 blink frogs
  17 hippogriffs
  A dream sheep (D:12)
  Sigmund (D:6)
  6 wyverns
  A shadow (D:11)
  3 dire elephant simulacra (IceCv)
  3 water elementals (Shoals:1)
  5 wraiths (D:10)
  A hog (D:12)
  9 fire bats (Volcano)
  25 yaks
  5 basilisks
  A hungry ghost (D:12)
  3 steam dragons (Volcano)
  2 death yak simulacra (IceCv)
  11 wargs
  47 nagas
  2 acid dragons (D:11)
  4 harpy simulacra (IceCv)
  3 iron troll simulacra (IceCv)
  14 water moccasins
  Duvessa (D:6)
  18 porcupines
  4 ice beasts
  4 slaves (D:6)
  5 black bears
  3 hydra simulacra (IceCv)
  46 orc warriors
  2 sky beasts (D:12)
  2 ettin simulacra (IceCv)
  8 ogres
  An eye of draining (D:10)
  2 phantoms
  9 wolves
  15 crocodiles
  13 centaurs
  2 big kobolds
  17 bullfrogs
  Dowan (D:6)
  A scorpion (D:12)
  5 killer bees (D:7)
  4 wights (D:12)
  13 electric eels
  3 crimson imps
  7 lava snakes (Volcano)
  4 bullfrog zombies
  17 jellies
  3 centaur zombies
  4 hounds
  A quasit (D:11)
  15 orc wizards
  A gnoll shaman (D:6)
  21 orc priests
  A bullfrog skeleton (D:5)
  5 iguanas
  A troll simulacrum (IceCv)
  A spriggan simulacrum (IceCv)
  2 wolf simulacra (IceCv)
  5 worker ants
  2 centaur simulacra (IceCv)
  13 gnolls
  3 naga simulacra (IceCv)
  2 ogre simulacra (IceCv)
  19 adders
  2 river rats (Sewer)
  3 shadow imps
  9 white imps (IceCv)
  7 ufetubi (IceCv)
  8 oozes
  An adder skeleton (D:6)
  3 adder zombies
  7 worms
  3 dart slugs (D:1)
  3 leopard geckos
  85 orcs
  10 bats
  4 giant cockroaches
  21 goblins
  13 hobgoblins
  9 jackals
  3 quokkas
  A ball python (D:5)
  A ball python zombie (D:6)
  4 frilled lizards
  14 kobolds
  A quokka zombie (D:8)
  10 rats
  6 fungi
  13 plants
1011 creatures vanquished.

Vanquished Creatures (collateral kills)
  Vashnia (Snake:4)
  Gastronok (Lair:3)
  2 nagarajas (Snake:4)
  5 naga warriors
  A hydra (Lair:6)
  An anaconda (Snake:4)
  A death yak (Lair:4)
  7 naga sharpshooters (Snake:4)
  A shock serpent (Snake:4)
  3 salamander mystics (Snake:4)
  2 naga ritualists (Snake:4)
  An orc knight (Orc:2)
  A lindwurm (Volcano)
  3 mana vipers (Snake:4)
  An orc sorcerer (Orc:2)
  An ice statue (IceCv)
  5 naga magi (Snake:4)
  A molten gargoyle (Volcano)
  6 black mambas
  2 guardian serpents (Snake:4)
  2 freezing wraiths (IceCv)
  An ice devil (IceCv)
  A troll (Orc:2)
  11 nagas (Snake:4)
  A hell hound (Volcano)
  4 orc warriors (Orc:2)
  An ogre (Orc:2)
  2 orc priests (Orc:2)
  5 orc wizards (Orc:2)
  A gnoll (Bailey)
  A white imp (IceCv)
  5 orcs (Orc:2)
  A goblin (Bailey)
  A hobgoblin (Bailey)
83 creatures vanquished.

Vanquished Creatures (others)
  A ghoul (D:1)
  A minotaur (D:1)
  A black mamba (Snake:4)
  A troll (D:1)
  A hornet (Lair:4)
  2 formicids (D:1)
  2 spriggans (D:1)
  2 vampires (D:1)
  A naga (Snake:4)
  An ogre (D:1)
  2 centaurs (D:1)
  A mummy (D:1)
  An orc (D:1)
  A kobold (D:1)
  16 fungi
  38 plants
  5 tentacles (D:1)
77 creatures vanquished.

Grand Total: 1171 creatures vanquished

Notes
Turn   | Place    | Note
-------+----------+-------------------------------------------
     0 | D:1      | Kives the Hill Orc Berserker began the quest for the Orb.
     0 | D:1      | Reached XP level 1. HP: 19/19 MP: 1/1
     2 | D:1      | Noticed a centaur
     2 | D:1      | Noticed a spriggan
     2 | D:1      | Noticed a vampire
     2 | D:1      | Noticed a centaur
     2 | D:1      | Noticed a kraken
     2 | D:1      | Noticed a troll
     2 | D:1      | Noticed a minotaur
     2 | D:1      | Noticed a formicid
     2 | D:1      | Noticed an ogre
     2 | D:1      | Noticed a formicid
     2 | D:1      | Noticed a vampire
     2 | D:1      | Noticed a ghoul
     2 | D:1      | Noticed a spriggan
     6 | D:1      | Killed a vampire
     8 | D:1      | Killed a spriggan
     9 | D:1      | Killed a spriggan
    10 | D:1      | Killed a minotaur
    10 | D:1      | Killed a centaur
    12 | D:1      | Killed a troll
    12 | D:1      | Killed a formicid
    12 | D:1      | Killed an ogre
    12 | D:1      | Killed a centaur
    14 | D:1      | Killed a vampire
    15 | D:1      | Killed a ghoul
    17 | D:1      | Killed a formicid
   316 | D:1      | Reached XP level 2. HP: 13/26 MP: 2/2
   592 | D:1      | Reached skill level 5 in Axes
   954 | D:1      | Reached XP level 3. HP: 24/31 MP: 3/3
  1510 | D:2      | Noticed a phantom
  1711 | D:2      | Reached ** piety under Trog
  2168 | D:1      | Reached XP level 4. HP: 20/39 MP: 4/4
  2950 | D:2      | Found a white marble altar of Elyvilon.
  3086 | D:2      | Killed a phantom
  3086 | D:2      | Reached XP level 5. HP: 25/45 MP: 5/5
  3521 | D:3      | Noticed a centaur
  3537 | D:3      | Killed a centaur
  3537 | D:3      | Reached XP level 6. HP: 8/51 MP: 6/6
  3696 | D:3      | Found a glowing drain.
  3704 | Sewer    | Entered a sewer
  3939 | Sewer    | Found a white marble altar of Elyvilon.
  4203 | D:3      | Found a sacrificial altar of Ru.
  4253 | D:3      | Reached *** piety under Trog
  4253 | D:3      | Reached skill level 10 in Axes
  4253 | D:3      | Reached XP level 7. HP: 57/57 MP: 7/7
  4566 | D:4      | Found a staircase to the Ecumenical Temple.
  4661 | D:4      | Found a shimmering blue altar of Sif Muna.
  5106 | D:4      | Found a hazy altar of Hepliaklqana.
  5107 | D:4      | Found a shimmering altar of Xom.
  5108 | D:4      | Noticed a spectral ugly thing
  5179 | D:4      | Found a burning altar of Makhleb.
  5797 | D:5      | Entered Level 5 of the Dungeon
  5979 | D:5      | Reached XP level 8. HP: 64/64 MP: 8/8
  6418 | D:5      | Found Kaama's Assorted Antiques.
  6425 | D:5      | Bought a glowing war axe for 136 gold pieces
  6504 | D:5      | Reached **** piety under Trog
  6888 | D:5      | Bought a glowing brown potion for 18 gold pieces
  6929 | D:6      | Noticed Sigmund
  6937 | D:6      | Killed Sigmund
  7129 | D:6      | Found Itan's General Store.
  7178 | D:6      | Noticed Duvessa
  7178 | D:6      | Noticed Dowan
  7730 | D:6      | Noticed Pikel
  8072 | D:6      | Killed Duvessa
  8075 | D:6      | Killed Dowan
  8075 | D:6      | Reached XP level 9. HP: 52/70 MP: 3/9
  8395 | D:6      | Killed Pikel
  8395 | D:6      | Reached skill level 15 in Axes
  8520 | D:7      | Found Xoapriur's Antique Armour Shoppe.
  8808 | D:7      | Found an iron altar of Okawaru.
  9098 | D:8      | Found Raxkum's Antique Weapon Shop.
  9128 | D:8      | Found a stormy altar of Qazlal.
  9128 | D:8      | Found a hide-covered altar of Uskayaw.
  9133 | D:8      | Found a faded altar of an unknown god.
  9135 | D:8      | Found a shattered altar of Ashenzari.
  9137 | D:8      | Found a bloodstained altar of Trog.
  9209 | D:8      | Found an opulent altar of Gozag.
  9268 | D:8      | Reached skill level 4 in Fighting
  9268 | D:8      | Reached skill level 1 in Shields
  9299 | D:8      | Noticed Joseph
  9496 | D:8      | Killed Joseph
  9581 | D:8      | Reached XP level 10. HP: 80/80 MP: 10/10
  9670 | D:8      | Reached skill level 5 in Fighting
 10286 | D:9      | Found Fuc Faupn's Book Emporium.
 10322 | D:9      | Found a flagged portal.
 10389 | Bailey   | Entered a bailey
 10559 | Bailey   | Reached skill level 6 in Fighting
 10559 | Bailey   | Reached skill level 5 in Armour
 10570 | Bailey   | Identified a scroll of acquirement
 10750 | Bailey   | Noticed an orc high priest
 10755 | Bailey   | Noticed an orc high priest
 10772 | Bailey   | Gained mutation: You are occasionally teleported next to
                  | monsters. [a neqoxec]
 10779 | Bailey   | Gained mutation: You evolve. [a neqoxec]
 10828 | Bailey   | Noticed an orc knight
 10834 | Bailey   | Killed an orc high priest
 10854 | Bailey   | Noticed an orc knight
 10908 | Bailey   | Found an iron altar of Okawaru.
 11182 | Bailey   | Killed an orc knight
 11182 | Bailey   | Reached skill level 7 in Fighting
 11199 | Bailey   | Killed an orc high priest
 11352 | Bailey   | Gained mutation: You are partially covered in large bone
                  | plates. (SH +4) [evolution]
 11478 | Bailey   | Killed an orc knight
 11478 | Bailey   | Reached skill level 8 in Fighting
 11478 | Bailey   | Reached skill level 10 in Armour
 11511 | Bailey   | Reached XP level 11. HP: 93/94 MP: 11/11
 12085 | D:9      | Noticed a two-headed ogre
 12101 | D:9      | Killed a two-headed ogre
 12204 | D:9      | Reached skill level 9 in Fighting
 12241 | D:9      | Found a staircase to the Lair.
 12908 | D:5      | Bought a bloodstained chain mail for 199 gold pieces
 12918 | D:5      | Identified the cursed +1 chain mail "Kuhaibou" {+Inv rN+++
                  | Str-4 Int+4} (You bought it in a shop on level 5 of the
                  | Dungeon)
 12918 | D:5      | Acquired the ring "Paineduxeod" {Int+6 Slay+3}
 12921 | D:5      | Acquired 1680 gold pieces
 12922 | D:5      | Bought a pair of boots for 94 gold pieces
 12978 | D:7      | Bought a pair of embroidered gloves for 225 gold pieces
 12978 | D:7      | Bought a runed cloak for 225 gold pieces
 13049 | D:10     | Entered Level 10 of the Dungeon
 13051 | D:10     | Noticed Maggie
 13082 | Lair:1   | Entered Level 1 of the Lair of Beasts
 13202 | Lair:1   | Got an encrusted ring mail
 13207 | Lair:1   | Identified the +4 ring mail of Conscience {Str+4} (You
                  | found it on level 1 of the Lair of Beasts)
 13221 | Lair:1   | Lost mutation: You are partially covered in large bone
                  | plates. (SH +4) [potion of mutation]
 13221 | Lair:1   | Lost mutation: You are occasionally teleported next to
                  | monsters. [potion of mutation]
 13221 | Lair:1   | Lost mutation: You evolve. [potion of mutation]
 13221 | Lair:1   | Gained mutation: You are agile. (Dex +2) [potion of
                  | mutation]
 13221 | Lair:1   | Gained mutation: You are dopey. (Int -2) [potion of
                  | mutation]
 13221 | Lair:1   | Gained mutation: Your spells are a little easier to cast,
                  | but a little less powerful. [potion of mutation]
 13221 | Lair:1   | Gained mutation: You are partially covered in large bone
                  | plates. (SH +4) [potion of mutation]
 13466 | Lair:1   | Reached skill level 10 in Fighting
 14030 | Lair:1   | Reached ***** piety under Trog
 14155 | Lair:1   | Reached skill level 5 in Shields
 14464 | Lair:2   | Reached XP level 12. HP: 106/107 MP: 12/12
 14711 | Lair:2   | Noticed a death yak
 14724 | Lair:2   | Killed a death yak
 14878 | Lair:2   | Reached skill level 11 in Fighting
 15166 | Lair:2   | Found a staircase to the Shoals.
 15649 | Lair:3   | Noticed Gastronok
 15679 | Lair:3   | Killed Gastronok
 15679 | Lair:3   | Reached skill level 15 in Armour
 15695 | Lair:3   | Got a faintly glowing ring mail
 15696 | Lair:3   | Identified the +4 ring mail of Ulisyij {*Contam Regen+
                  | Str+2 Dex+8} (You found it on level 3 of the Lair of
                  | Beasts)
 16534 | Lair:4   | Noticed a death yak
 16538 | Lair:4   | Noticed a death yak
 16540 | Lair:4   | Noticed a death yak
 16542 | Lair:4   | Noticed a death yak
 16543 | Lair:4   | Noticed a death yak
 16560 | Lair:4   | Killed a death yak
 16563 | Lair:4   | Killed a death yak
 16563 | Lair:4   | Reached skill level 12 in Fighting
 16566 | Lair:4   | Killed a death yak
 16578 | Lair:4   | Killed a death yak
 16583 | Lair:4   | Killed a death yak
 16662 | Lair:4   | Found a dark tunnel.
 16674 | Volcano  | Entered a volcano
 16776 | Volcano  | Reached XP level 13. HP: 119/119 MP: 13/13
 16983 | Volcano  | Found a bloodstained altar of Trog.
 17486 | Lair:4   | Reached skill level 13 in Fighting
 17634 | Lair:4   | Received a gift from Trog
 17918 | Lair:4   | Reached skill level 10 in Shields
 18064 | Lair:4   | Found a staircase to the Snake Pit.
 19002 | Lair:4   | Identified Yttiuck's Catalogue of Arcane Weapons and Venom
 19139 | Lair:5   | Reached skill level 14 in Fighting
 19176 | Lair:5   | Found a staircase to the Slime Pits.
 19613 | Lair:5   | Reached XP level 14. HP: 122/132 MP: 14/14
 20401 | Lair:6   | Entered Level 6 of the Lair of Beasts
 20881 | D:10     | Noticed Erica
 20892 | D:10     | Killed Erica
 21001 | D:10     | Gained mutation: Armour fits poorly on your strangely
                  | shaped body. [mutagenic glow]
 21005 | D:10     | Killed Maggie
 21067 | D:10     | Noticed Josephine
 21077 | D:10     | Reached skill level 1 in Polearms
 21089 | D:10     | Killed Josephine
 21960 | Lair:2   | Got a glittering golden ring
 21972 | Lair:2   | Identified the ring "Ytin" {Wiz *Slow MR++} (You found it
                  | on level 2 of the Lair of Beasts)
 22277 | Lair:6   | Received a gift from Trog
 22531 | Lair:6   | Reached skill level 5 in Polearms
 22619 | Lair:6   | Noticed Sonja
 22628 | Lair:6   | Killed Sonja
 22826 | Lair:6   | Reached ****** piety under Trog
 23054 | Lair:6   | Noticed a dire elephant
 23079 | Lair:6   | Killed a dire elephant
 23351 | Lair:6   | Identified the Catalogue of Toxic Necromancy
 23475 | Lair:6   | Got a steaming bardiche
 23503 | Lair:6   | Lost mutation: You are dopey. (Int -2) [potion of mutation]
 23503 | Lair:6   | Lost mutation: You are agile. (Dex +2) [potion of mutation]
 23503 | Lair:6   | Gained mutation: Your system is resistant to poisons.
                  | (rPois) [potion of mutation]
 23503 | Lair:6   | Gained mutation: You are surrounded by a mild repulsion
                  | field. (EV +2) [potion of mutation]
 23503 | Lair:6   | Gained mutation: Your flesh is heat resistant. (rF+)
                  | [potion of mutation]
 23518 | Lair:6   | Identified the +6 bardiche "Xeysuji" {elec, *Contam rF++
                  | rN++} (You found it on level 6 of the Lair of Beasts)
 23572 | Lair:6   | Received a gift from Trog
 23572 | Lair:6   | Reached XP level 15. HP: 138/139 MP: 15/15
 23577 | Lair:6   | Got a steaming hand axe {god gift}
 23578 | Lair:6   | Identified the +2 hand axe "Jemnaxu" {antimagic, *Slow
                  | rF+++ rN+++ Dex-3} (Trog gifted it to you on level 6 of the
                  | Lair of Beasts)
 24034 | D:5      | Bought a scroll of teleportation for 63 gold pieces
 24034 | D:5      | Bought a scroll labeled XEZOQU EDGHIG for 21 gold pieces
 24034 | D:5      | Bought a scroll of teleportation for 63 gold pieces
 24034 | D:5      | Bought a scroll of teleportation for 63 gold pieces
 24585 | D:11     | Found a staircase to the Orcish Mines.
 24631 | D:11     | Noticed Fannar
 24654 | D:11     | Killed Fannar
 25837 | D:11     | Reached skill level 15 in Shields
 26183 | D:12     | Reached skill level 15 in Fighting
 26547 | D:12     | Found a huge runed translucent gate.
 26564 | D:12     | Received a gift from Trog
 26649 | D:12     | Found a huge runed translucent gate.
 26698 | D:12     | Found a huge runed translucent gate.
 26699 | D:12     | Found a huge runed translucent gate.
 27068 | Orc:1    | Entered Level 1 of the Orcish Mines
 27270 | Orc:2    | Entered Level 2 of the Orcish Mines
 27404 | Orc:2    | Received a gift from Trog
 27916 | Orc:2    | Reached skill level 1 in Throwing
 28400 | Orc:2    | Received a gift from Trog
 28415 | Orc:2    | Got a crystal broad axe {god gift}
 28416 | Orc:2    | Identified the +0 broad axe of Moderation {flame, rN+}
                  | (Trog gifted it to you on level 2 of the Orcish Mines)
 28426 | Orc:2    | Found Xeed Asa's Magic Scroll Shoppe.
 28426 | Orc:2    | Found Negikler's Book Boutique.
 28437 | Orc:2    | Found a staircase to the Elven Halls.
 28558 | Orc:2    | Found a roughly hewn altar of Beogh.
 28567 | Orc:2    | Found Nofuariu's Antique Weapon Shoppe.
 28567 | Orc:2    | Found Xisyatew's General Store.
 28794 | Orc:1    | Found a shimmering altar of Xom.
 29270 | Orc:2    | Bought a scroll of enchant armour for 120 gold pieces
 29270 | Orc:2    | Bought a scroll of enchant armour for 120 gold pieces
 29270 | Orc:2    | Bought a scroll of enchant weapon for 120 gold pieces
 29681 | Snake:1  | Entered Level 1 of the Snake Pit
 29699 | Snake:1  | Reached XP level 16. HP: 86/151 MP: 16/16
 29720 | Snake:1  | Received a gift from Trog
 29720 | Snake:1  | Reached skill level 16 in Fighting
 30224 | Snake:1  | Found a runed translucent gate.
 30227 | Snake:1  | Found a runed translucent gate.
 30330 | Snake:1  | Found a runed translucent gate.
 30330 | Snake:1  | Noticed kalodont's ghost (journeyman KoEn)
 31148 | Snake:2  | Found a frozen archway.
 31167 | IceCv    | Entered an ice cave
 31771 | IceCv    | Received a gift from Trog
 32519 | Snake:2  | Reached skill level 10 in Polearms
 32957 | Snake:3  | Noticed Aizul
 32973 | Snake:3  | Killed Aizul
 32973 | Snake:3  | Reached skill level 17 in Fighting
 32973 | Snake:3  | Reached skill level 5 in Dodging
 33395 | Snake:3  | Received a gift from Trog
 33633 | Snake:3  | Reached XP level 17. HP: 162/162 MP: 17/17
 34153 | Snake:3  | Found a runed translucent door.
 34154 | Snake:3  | Found a shimmering altar of Xom.
 34154 | Snake:3  | Noticed Agget's ghost (adept FoWz)
 34277 | Snake:4  | Entered Level 4 of the Snake Pit
 34444 | Snake:4  | Found an ornate altar of the Wu Jian Council.
 34463 | Snake:4  | Reached skill level 18 in Fighting
 35172 | Snake:4  | Received a gift from Trog
 35549 | Snake:4  | Noticed Vashnia
 35571 | Snake:4  | Killed Vashnia
 35581 | Snake:4  | Reached skill level 19 in Fighting
 35646 | Snake:4  | Received a gift from Trog
 35674 | Snake:4  | Reached XP level 18. HP: 64/176 MP: 18/18
 36054 | Snake:4  | Got a serpentine rune of Zot
 36751 | Lair:1   | Acquired a manual of Polearms
 36847 | Shoals:1 | Entered Level 1 of the Shoals
 36871 | Shoals:1 | Killed from afar by a water nymph

Illustrated notes

Levels and vault maps discovered:
D:1:      nicolae_arrival_kraken_aquarium_b, layout_loops_ring,
          skrybe_limestone_x, serial_bayou_lagoon_b
D:2:      layout_loops_ring, nicolae_overflow_hidden_temple
D:3:      layout_rooms, lightli_sewer_entry_pipes, first_ration,
          nicolae_ru_great_annihilating_truth
D:4:      kennysheep_spiral_hall, layout_basic, regret_index_temple_of_mockery,
          kennysheep_mini, makhleb_blood_cavern_becter, minmay_temple_entry_tees
D:5:      layout_basic, serial_shops, nicolae_shop_stone
D:6:      layout_rooms, serial_shops, nicolae_shop_stone, uniq_pikel,
          uniq_sigmund, uniq_duvessa
D:7:      layout_rooms, kennysheep_mini_moat, serial_shops, shop
D:8:      layout_basic, chequers_temple_overflow_minitemple, old_standard_altar,
          serial_shops, shop_fountains, chequers_serial_rivers_micro_c,
          nicolae_benzene_ring, hangedman_little_slice_of_home,
          minmay_misc_feat_cross, supply_closet_lemuel, uniq_joseph
D:9:      layout_basic, due_lair_maze_entry_diamond, serial_shops,
          nicolae_shop_competitors_out_of_business, enter_bailey_3,
          kennysheep_small_square
D:10:     layout_loops_ring, uniq_erica, uniq_josephine, uniq_maggie
D:11:     lemuel_troll_bridge, layout_irregular_city, uniq_fannar
D:12:     lemuel_bear_cage, layout_rooms
Lair:1:   layout_cave_shapes, grunt_megastairs_5
Lair:2:   layout_regular_city, minmay_shoals_entry_hut, serial_bayou,
          serial_bayou_pond_b, serial_bayou_shore_a, serial_bayou_crossing,
          serial_bayou_lake_a, st_stairs_12, minmay_lair_oklob_items,
          small_statue_intersection, serial_bayou_lagoon_a, serial_bayou_shore_b
Lair:3:   layout_regular_city, uniq_gastronok
Lair:4:   cheibrodos_lair_overgrown_chateau, layout_concentric_octagons,
          dummy_snake_entry, gauntlet_entry_generic, enter_volcano_4, uniq_urug
Lair:5:   layout_hall_layers, minmay_slime_entry_jelly_boxes
Lair:6:   gammafunk_lair_ancient_temple, layout_gridlike,
          small_statue_intersection, uniq_sonja
Shoals:1: layout_shoals, nicolae_shoals_water_shrine
Snake:1:  layout_chambers, gammafunk_ghost_necromancy
Snake:2:  layout_gridlike, portal_ice_cave_entry_pillars_2,
          serial_bayou_shore_b, lemuel_fruit_tree
Snake:3:  layout_misc_corridors, ebering_ghost_xom, grunt_megastairs_1,
          uniq_aizul
Snake:4:  johnstein_snake_rune_scales, layout_cave_town, basic_altar,
          grunt_ministairs_8, drop_trap
Orc:1:    layout_caves, basic_altar
Orc:2:    st_orc_town, layout_diamond_mine

Skill      XL: |  1  2  3  4  5  6  7  8  9 10 11 12 13 14 15 16 17 18 |
---------------+-------------------------------------------------------+-----
Axes           | 5 6 8 9 10 11 14 16 17 | 17.2
Fighting       | 4 8 10 12 14 15 17 19 | 19.5
Shields        | 2 5 8 11 13 15 | 15.0
Armour         | 3 10 14 16 17 | 17.0
Polearms       | 8 11 13 | 13.5
Throwing       | 3 4 |  4.0
Dodging        | 5 |  5.0

Action                   |  1- 3 |  4- 6 |  7- 9 | 10-12 | 13-15 | 16-18 || total
-------------------------+-------+-------+-------+-------+-------+-------++-------
Melee: Hand axe          |   148 |   233 |   183 |       |       |       ||   564
       War axe           |       |       |   200 |   562 |   698 |       ||  1460
       Lance             |       |       |       |       |   371 |   248 ||   619
       Broad axe         |       |       |       |       |   381 |   534 ||   915
Throw: Stone             |    19 |    35 |       |       |       |       ||    54
       Dart              |       |     4 |    65 |   150 |   202 |     3 ||   424
       Boomerang         |       |       |    39 |       |    35 |    89 ||   163
       Javelin           |       |       |       |       |     3 |    16 ||    19
Invok: Berserk           |     1 |     2 |     3 |     3 |     1 |     1 ||    11
       Trog's Hand       |       |     3 |     2 |     6 |    11 |    10 ||    32
       Brothers in Arms  |       |       |     1 |     3 |     4 |    11 ||    19
 Abil: Evoke Invisibilit |       |       |       |     3 |    13 |       ||    16
       Stop Flying       |       |       |       |       |       |     1 ||     1
Evoke: Wand              |       |       |     2 |    12 |     6 |     8 ||    28
       Tin of tremorston |       |       |       |       |     2 |       ||     2
       Lightning rod     |       |       |       |       |     7 |     6 ||    13
  Use: Scroll            |     3 |     4 |    13 |     9 |    13 |     6 ||    48
       Potion            |       |     1 |     1 |     7 |     3 |       ||    12
 Stab: Paralysed         |       |       |     1 |       |       |       ||     1
       Invisible         |       |       |       |     9 |    32 |       ||    41
       Distracted        |       |       |       |       |     1 |     1 ||     2
  Eat: Chunk             |     5 |    10 |    21 |    30 |    48 |     7 ||   121
       Ration            |       |       |       |       |     2 |     8 ||    10
Armor: Animal skin       |    11 |       |       |       |       |       ||    11
       Chain mail        |    47 |    95 |    99 |    87 |   318 |       ||   646
       Plate armour      |       |       |    38 |    48 |    22 |   129 ||   237
Dodge: Dodged            |    83 |    85 |    91 |    98 |   216 |   129 ||   702
Block: Other             |       |       |       |    27 |       |       ||    27
       Kite shield       |       |       |       |   101 |   830 |   560 ||  1491
